 Dungeon Crawl Stone Soup version 0.18-a0-1164-g7046a04 (webtiles) character file.

91 Reinor the Cutter (level 4, -1/30 HPs)
             Began as a Vampire Enchanter on Jan 25, 2016.
             Slain by an orc warrior (12 damage)
             ... on level 3 of the Dungeon.
             The game lasted 00:08:10 (2689 turns).

Reinor the Cutter (Vampire Enchanter)               Turns: 2689, Time: 00:08:11

Health: -1/30      AC:  3    Str:  7    XL:     4   Next: 33%
Magic:  1/7        EV: 12    Int: 18    God:
Gold:   97         SH:  0    Dex: 14    Spells: 3 memorised, 1 level left

rFire  . . .     SeeInvis +     a - +1 dagger
rCold  + + .     Gourm    .     f - +0 leather armour {rC+}
rNeg   + + .     Faith    .     (no shield)
rPois  +         Spirit   .     (no helmet)
rElec  .         Dismiss  .     (no cloak)
rCorr  .         Reflect  .     (no gloves)
SustAt .         Harm     .     (no boots)
MR     .....                    (no amulet)
Stlth  +++.......               (no ring)
                                j - ring of wizardry

@: regenerating slowly, not resistant to hostile enchantments, fairly stealthy
A: fangs 3, see invisible, unbreathing
a: Bat Form


You were on level 3 of the Dungeon.
You were very thirsty.

You visited 1 branch of the dungeon, and saw 3 of its levels.

You collected 97 gold pieces.

Inventory:

Hand Weapons
 a - a +1 dagger (weapon)
Missiles
 h - 25 poisoned needles
Armour
 b - a +2 robe
 f - a +0 leather armour of cold resistance (worn)
Jewellery
 j - a ring of wizardry (left hand)
Wands
 k - a wand of slowing (24/48)
Scrolls
 g - 2 scrolls of fog
 l - a scroll of blinking {unknown}
 m - a scroll of remove curse
 n - a scroll of enchant armour
 p - a scroll of identify {unknown}
 q - a scroll of amnesia {unknown}
 r - a scroll of magic mapping
Potions
 d - 9 potions of blood
 e - 2 potions of agility {unknown}
 i - 3 potions of curing
 o - a potion of flight {unknown}
Books
 c - a book of Maledictions

   Spells                             Type                      Level
   a - Corona                         Hexes                        1
   b - Ensorcelled Hibernation        Hexes/Ice                    2
   c - Confuse                        Hexes                        3
   d - Tukima's Dance                 Hexes                        3
   e - Dazzling Spray                 Conjuration/Hexes            3


   Skills:
 + Level 4.6 Short Blades
 - Level 2.1 Dodging
 - Level 4.4 Stealth
 - Level 2.0 Spellcasting
 - Level 4.4 Hexes


You had one spell level left.
You knew the following spells:

 Your Spells              Type           Power        Failure   Level  Hunger
a - Corona                Hex            ###....      2%          1    #......
b - Ensorcelled Hibernat  Hex/Ice        #.....       7%          2    ###....
c - Tukima's Dance        Hex            ###.....     7%          3    ###....


Dungeon Overview and Level Annotations

Branches:
Dungeon (3/15)

Altars:
Nemelex Xobeh

Annotations:
D:3 Musteatbrain's ghost, amateur TeAE


Innate Abilities, Weirdness & Mutations

You heal slowly.
You have razor-sharp teeth.
You have supernaturally acute eyesight.
You can survive without breathing.


Message History

The orc hits you but does no damage.
You hit the orc but do no damage. The orc barely misses you.
The orc warrior hits you.
You hit the orc but do no damage. You hit the orc.
You bite the orc, but do no damage.
The orc is moderately wounded.
The orc warrior barely misses you. The orc hits you with a club.
You closely miss the orc.
The orc is moderately wounded.
The orc warrior closely misses you. The orc hits you with a club.
You hit the orc but do no damage.
The orc is moderately wounded.
The orc warrior hits you but does no damage.
You hit the orc but do no damage.
The orc is moderately wounded.
The orc hits you with a club.
You hit the orc but do no damage.
The orc is lightly wounded.
The orc warrior hits you!
You die...

.#...#...##........# ####.
.#.#..)##......###.# #....
.....##........# #.# #.##.
...##...##.#.### #.# ###.##.
..#........#.# #.# ######......
.#....##...#.# #.###..)...#.###
.#.........#.# #.##...#......<.
#..........#.#####[#...#_#..#....
#..#..........oo@o..[...#.......#
...#........##########.....####.#
.#..........# ####### #.#
.#..........# #.# .........####
#.. ########## ###


You could see an orc warrior and 2 orcs.

Vanquished Creatures
  An orc priest (D:3)
  An ooze (D:2)
  A worm (D:2)
  A giant gecko (D:2)
  An orc (D:3)
  2 goblins
  8 hobgoblins
  7 kobolds
  9 bats
  4 giant newts
  7 rats
42 creatures vanquished.

Vanquished Creatures (collateral kills)
  Jessica (D:2)
1 creature vanquished.

Vanquished Creatures (others)
  A dancing weapon (D:3)
1 creature vanquished.

Grand Total: 44 creatures vanquished

Notes
Turn   | Place    | Note
--------------------------------------------------------------
     0 | D:1      | Reinor the Vampire Enchanter began the quest for the Orb.
     0 | D:1      | Reached XP level 1. HP: 13/13 MP: 3/3
   456 | D:1      | Reached XP level 2. HP: 10/19 MP: 5/5
   467 | D:1      | Learned a level 2 spell: Ensorcelled Hibernation
   949 | D:2      | Noticed Jessica
  1104 | D:2      | Reached XP level 3. HP: 24/24 MP: 6/6
  1109 | D:2      | Learned a level 3 spell: Tukima's Dance
  1150 | D:2      | Killed Jessica
  1703 | D:2      | Found a sparkling altar of Nemelex Xobeh.
  1951 | D:3      | Noticed Musteatbrain's ghost (amateur TeAE)
  1967 | D:3      | Noticed an orc warrior
  2144 | D:3      | Found a faded altar to an unknown god.
  2523 | D:3      | Reached XP level 4. HP: 30/30 MP: 2/7
  2689 | D:3      | Slain by an orc warrior

Vault maps used:
D:1:      shiori_arrival_maze, kennysheep_minor_cross, minmay_misc_feat_hallway,
          serial_park_tiny_pond, kennysheep_decorative_pillar
D:2:      nemelex_deck, uniq_jessica
D:3:      nicolae_overflow_hidden_temple, ecumenical_altar_1,
          grunt_decor_resistance, hangedman_decor_peaks_small,
          uniq_crazy_yiuf_cottage

Action                   |  1- 3 |  4- 6 || total
-------------------------+-------+-------++-------
Melee: Dagger            |   142 |     7 ||   149
 Cast: Ensorcelled Hiber |     8 |     5 ||    13
       Tukima's Dance    |     2 |     1 ||     3
  Use: Scroll            |     5 |       ||     5
       Potion            |     4 |       ||     4
 Stab: Sleeping          |    18 |       ||    18
